 Dungeon Crawl Stone Soup version 0.31.0-11-ge490571c62 (webtiles) character file.

Game seed: 16029211033765159453

867 sokol815 the Poker (level 8, -2/58 HPs)
             Began as an Octopode Gladiator on Jan 30, 2024.
             Slain by a wyvern (15 damage)
             ... on level 5 of the Dungeon.
             The game lasted 00:09:46 (4518 turns).

sokol815 the Poker (Octopode Gladiator)             Turns: 4518, Time: 00:09:47

Health: -2/58      AC:  2    Str: 15    XL:     8   Next: 3%
Magic:  8/8        EV: 13    Int: 11    God:
Gold:   263        SH:  0    Dex: 13    Spells: 7/7 levels left

rFire   . . .        a - +0 trident
rCold   . . .        (no shield)
rNeg    + . .        b - +1 hat
rPois   .            (no amulet)
rElec   .            t - ring of positive energy
rCorr   .            (no ring)
SInv    .            (no ring)
Will    .....        (no ring)
Stlth   ++           (no ring)
HPRegen 0.29/turn    (no ring)
MPRegen 0.11/turn    (no ring)
                     (no ring)

%: no passive effects
@: no status effects
A: almost no armour, amphibious, 8 rings, camouflage 1, gelatinous body 1,
(nimble swimmer 1), tentacles
a: no special abilities


You were on level 5 of the Dungeon.
You visited 1 branch of the dungeon, and saw 5 of its levels.
You also visited: Sewer.

You collected 263 gold pieces.

Inventory:

Hand Weapons
 a - a +0 trident (weapon)
 o - a +2 dagger of protection
 p - a +0 war axe
Missiles
 c - a throwing net (quivered)
 d - a javelin
 m - 68 stones
 q - 3 poisoned darts
Armour
 b - a +1 hat (worn)
Magical Staves
 k - a staff of fire
Jewellery
 i - an amulet of faith
 t - a ring of positive energy (left tentacle)
Talismans
 h - a flux talisman
 j - a blade talisman
Wands
 s - a wand of polymorph (11)
Scrolls
 e - a scroll of blinking
 n - 3 scrolls of noise
Potions
 f - 2 potions of curing
 g - 4 potions of enlightenment
 l - a potion of attraction


   Skills:
 + Level 6.5 Fighting
 + Level 6.9 Polearms
 - Level 2.0 Throwing
 - Level 3.0 Dodging


You had 7 spell levels left.
You didn't know any spells.
Your spell library was empty.

Dungeon Overview and Level Annotations

Branches:
Dungeon (5/15)              Sewer (visited)
 Temple: D:4-7

Altars:
Ashenzari
Dithmenos
Hepliaklqana
Kikubaaqudgha
Okawaru
Ru
Sif Muna
Trog
Xom
The Shining One


Innate Abilities, Weirdness & Mutations

You cannot wear most types of armour.
You are amphibious.
You can wear up to eight rings at the same time.
Your skin changes colour to match your surroundings (Stealth+).
Your rubbery body absorbs attacks. (AC +1, EV +1)
((You are camouflaged when in or above water. (Stealth+)))
You have tentacles for arms and can constrict up to eight enemies at once.


Message History

The wyvern struggles against the net. x2
You hit the wyvern but do no damage.
You squeeze the wyvern, but do no damage.
The wyvern struggles against the net.
The net rips apart, and the wyvern comes free!
You barely miss the wyvern. Your squeeze misses the wyvern.
The wyvern barely misses you.
You hit the wyvern.
You squeeze the wyvern, but do no damage.
The wyvern is moderately wounded.
The wyvern barely misses you. The wyvern bites you!
You closely miss the wyvern.
You squeeze the wyvern, but do no damage.
The wyvern is moderately wounded.
The wyvern barely misses you.
You closely miss the wyvern. Your squeeze misses the wyvern.
The wyvern is moderately wounded.
The wyvern closely misses you.
The wyvern bites you but does no damage.
You closely miss the wyvern.
The wyvern is moderately wounded.
The wyvern misses you.
You closely miss the wyvern. Your squeeze misses the wyvern.
The wyvern is moderately wounded.
The wyvern barely misses you. The wyvern closely misses you.
You hit the wyvern. You squeeze the wyvern.
The wyvern is heavily wounded.
The wyvern bites you!
You barely miss the wyvern. Your squeeze misses the wyvern.
The wyvern is heavily wounded.
The wyvern bites you!
* * * LOW HITPOINT WARNING * * *
You closely miss the wyvern.
The wyvern is heavily wounded.
The wyvern barely misses you. The wyvern bites you.
* * * LOW HITPOINT WARNING * * *
You hit the wyvern but do no damage. Your squeeze misses the wyvern.
The wyvern is heavily wounded.
The wyvern bites you!
You die...

#.##..#####
####....##.#
#.##..##.#≈≈≈≈
#.#####.#
#.##<....#≈~~.
#....##.#
##.##.###.#≈..8
####.##.#
...##.# ###≈~8.
#.##.#
#####.#####≈~.~
#.##.# #
#.....#≈≈..
#.##)# #
#######
#''######.##.#
#
#..k@.....##.#
#
#####........#
# #.######## #
#######.##### #
#...........# #
.......)###.# #
#.#####.###.##
# #......# #
....###.##


You could see a wyvern.

Vanquished Creatures
  Pargi (Sewer)
  An ice beast (D:5)
  2 phantoms
  A scorpion (D:5)
  A jelly (D:5)
  A bombardier beetle (D:5)
  3 hounds
  2 iguanas (D:5)
  2 orc wizards (D:3)
  A sleepcap (D:4)
  9 adders
  4 dart slugs
  5 ribbon worms
  9 orcs
  9 ball pythons
  8 endoplasms
  2 giant cockroaches
  6 goblins
  4 hobgoblins
  12 jackals
  3 quokkas
  2 bats
  3 frilled lizards
  8 kobolds
  2 rats
101 creatures vanquished.

Notes
Turn   | Place    | Note
-------+----------+-------------------------------------------
     0 | D:1      | sokol815 the Octopode Gladiator began the quest for the
                  | Orb.
     0 | D:1      | Reached XP level 1. HP: 14/14 MP: 1/1
   143 | D:1      | Noticed a great orb of eyes
   150 | D:1      | Reached XP level 2. HP: 20/20 MP: 2/2
   152 | D:1      | Found a faded altar of an unknown god.
   153 | D:1      | Noticed a great orb of eyes
   153 | D:1      | Noticed a golden eye
   153 | D:1      | Noticed a great orb of eyes
   700 | D:2      | Reached XP level 3. HP: 16/25 MP: 3/3
   962 | D:2      | Reached XP level 4. HP: 31/31 MP: 4/4
  1462 | D:3      | Noticed a phantom
  1582 | D:3      | Reached XP level 5. HP: 22/37 MP: 5/5
  1702 | D:3      | Found a glowing drain.
  1711 | Sewer    | Entered a sewer
  1791 | Sewer    | Noticed Pargi
  1813 | Sewer    | Killed Pargi
  1814 | Sewer    | Reached skill level 5 in Polearms
  1814 | Sewer    | Reached XP level 6. HP: 27/44 MP: 6/6
  2275 | D:3      | Found a broken altar of Ashenzari.
  2388 | D:3      | Reached skill level 5 in Fighting
  2557 | D:3      | Found a hazy altar of Hepliaklqana.
  2810 | D:4      | Reached XP level 7. HP: 24/50 MP: 7/7
  3009 | D:4      | Found an iron altar of Okawaru.
  3247 | D:4      | Found a shimmering blue altar of Sif Muna.
  3372 | D:4      | Found an ancient bone altar of Kikubaaqudgha.
  3373 | D:4      | Found a bloodstained altar of Trog.
  3374 | D:4      | Found a shimmering altar of Xom.
  3375 | D:4      | Found a glowing golden altar of the Shining One.
  3545 | D:4      | Found a shadowy altar of Dithmenos.
  3550 | D:4      | Found a sacrificial altar of Ru.
  3566 | D:5      | Entered Level 5 of the Dungeon
  4315 | D:5      | Reached XP level 8. HP: 44/58 MP: 8/8
  4500 | D:5      | Noticed a wyvern
  4518 | D:5      | Slain by a wyvern

Illustrated notes

Levels and vault maps discovered:
D:1:      lightli_arrival_chessboard, layout_loops_ring,
          hellmonk_ecumenical_altar_watching_god,
          chequers_serial_rivers_micro_c, palyth_stone_intersect
D:2:      layout_basic
D:3:      layout_loops_ring, nicolae_hepliaklqana_hazy_memory,
          nicolae_ashenzari_skybound, cheibrodos_sewer_entry_bend
D:4:      layout_cave_pools, nicolae_overflow_crystal_walls,
          mainiacjoe_overflow_paths, mainiacjoe_overflow_alcove_3,
          mainiacjoe_overflow_big_doors
D:5:      layout_loops_ring, kennysheep_generic_room_12

Skill      XL: |  1  2  3  4  5  6  7 |
---------------+----------------------+-----
Fighting       | 3 4 5 6 |  6.5
Polearms       | 4 5 6 |  6.9
Throwing       | |  2.0
Dodging        | |  3.0

Action                     |  1- 3 |  4- 6 |  7- 9 || total
---------------------------+-------+-------+-------++-------
  Melee: Trident           |    48 |   140 |   100 ||   288
         Constrict         |     8 |    26 |    17 ||    51
         Tentacles         |     6 |    19 |    26 ||    51
         Punch             |     1 |     1 |       ||     2
  Throw: Throwing net      |       |       |     2 ||     2
    Use: Scroll            |     3 |     8 |     2 ||    13
         Potion            |       |     2 |     1 ||     3
   Stab: Sleeping          |    10 |     4 |     8 ||    22
 Armour: Skin              |     7 |    63 |    43 ||   113
  Dodge: Dodged            |    19 |    40 |    45 ||   104
